 Dungeon Crawl Stone Soup version 0.30-a0-585-g93115170b9 (webtiles) character file.

Game seed: 5193153816991492686

4 OTABOTABOTAB the Ruffian (level 1, 0/16 HPs)
             Began as a Draconian Transmuter on Jan 2, 2023.
             Frozen to death by an endoplasm (3 damage)
             ... on level 1 of the Dungeon.
             The game lasted 00:00:28 (98 turns).

OTABOTABOTAB the Ruffian (Draconian Transmuter)       Turns: 98, Time: 00:00:29

Health: 0/16       AC:  4    Str: 12    XL:     1   Next: 50%
Magic:  3/3        EV: 12    Int: 13    God:
Gold:   0          SH:  0    Dex: 11    Spells: 3/4 levels left

rFire   . . .      SeeInvis .      - Unarmed
rCold   . . .      Faith    .    (no shield)
rNeg    . . .      Spirit   .    (body armour unavailable)
rPois   .          Reflect  .    (helmet currently unavailable)
rElec   .          Harm     .    (no cloak)
rCorr   .          Rampage  .    (no gloves)
Will    .....                    (boots currently unavailable)
Stlth   +                        (no amulet)
HPRegen 0.22/turn                (no ring)
MPRegen 0.08/turn                (no ring)

@: appendages (expiring)
A: horns 2, talons 2, AC +4, unfitting armour, cold-blooded
a: End Transformation


You were on level 1 of the Dungeon.
You had temporarily grown beastly horns and talons.
You visited 1 branch of the dungeon, and saw 1 of its levels.

Inventory:

Scrolls
 b - a scroll of teleportation {unknown}
 c - a scroll of identify {unknown}
Potions
 a - a potion of curing {unknown}
 P - a potion of lignification {!q}


   Skills:
 - Level 1.1 Fighting
 - Level 1.7 Dodging
 * Level 3.3 Unarmed Combat
 - Level 2.0 Spellcasting
 - Level 2.0 Transmutations


You had 3 spell levels left.
You knew the following spells:

 Your Spells              Type           Power      Damage    Failure   Level
a - Beastly Appendage     Tmut           12%        N/A       11%         1

Your spell library contained the following spells:

 Spells                   Type           Power      Damage    Failure   Level
 Wereblood                Tmut           6%         N/A       17%         2
 Spider Form              Tmut/Pois      3%         N/A       45%         3
 Ice Form                 Ice/Tmut       3%         N/A       86%         4


Dungeon Overview and Level Annotations

Branches:
Dungeon (1/15)

Altars:


Innate Abilities, Weirdness & Mutations

You have temporarily grown beastly horns and talons.
Your plain brown scales are hard. (AC +4)
You cannot fit into any form of body armour.
You are cold-blooded and may be slowed by cold attacks.


Message History

Bad channel name for runrest: 'Jiyva says: Divide and consume' Welcome, OTABOTABOTAB the Draconian Transmuter.
You feel drawn to the Orb of Zot, downwards into the unfathomable depths...
Found a staircase leading out of the dungeon.
As you open the door, it creaks loudly!
You open the door.
There is an open door here.
You open the door.
There is an open door here.
a - a viscous cyan potion
There is an open door here.
You open the door.
There is an open door here.
As you open the door, it creaks loudly!
There is an open door here.
You open the door.
There is an open door here.
You open the door.
Found an escape hatch in the floor.
There is an open door here.
You open the door.
There is an open door here.
You open the door.
A giant cockroach comes into view.
You grow a pair of large bovine horns.
Your feet morph into talons.
You now have 2/3 mp.
There is an open door here.
You hit the giant cockroach. You claw the giant cockroach.
You kill the giant cockroach!
Unknown command.
No target in view!
Your horns disappear.
Your talons disappear.
You see here a giant cockroach corpse.
A goblin comes into view. It is wielding a +0 dagger.
The goblin shouts!
MP restored: 3 A goblin is nearby!
A goblin is nearby!
You grow a pair of large bovine horns.
Your feet morph into talons.
You now have 2/3 mp.
You hit the goblin.
You kill the goblin!
No target in view!
Unknown command.
No target in view!
Your horns disappear.
Your talons disappear.
You see here a +0 dagger.
b - a scroll labelled EDOEHO ESAVVEE MP restored: 3
c - a scroll labelled ANEUS XAORPHYCERIC An endoplasm comes into view.
The endoplasm moves out of view.
A goblin and an endoplasm come into view.
There are monsters nearby!
Unknown command.
You grow a pair of large bovine horns.
Your feet morph into talons.
You now have 2/3 mp.
The goblin misses you.
You closely miss the goblin. The goblin hits you with a +0 dagger.
You take 2 damage, and have 14/16 hp.
Unknown command.
You closely miss the goblin. You claw the goblin, but do no damage.
You headbutt the goblin. The endoplasm freezes you.
You are frozen.
You feel yourself slow down. The goblin hits you with a +0 dagger.
You take 6 damage, and have 8/16 hp.
MASSIVE DAMAGE!!
The goblin attacks as you move away! The goblin hits you but does no damage.
The endoplasm attacks as you move away! The endoplasm hits you.
The endoplasm freezes you.
You are frozen.
The goblin hits you but does no damage.
You take 3 damage, and have 5/16 hp.
The goblin attacks as you move away! The goblin barely misses you.
The endoplasm attacks as you move away! The endoplasm hits you.
* * * LOW HITPOINT WARNING * * *
Your transformation is almost over.
You take 2 damage, and have 3/16 hp.
The endoplasm attacks as you move away! The endoplasm barely misses you. x2
You hit the endoplasm. You claw the endoplasm.
You kill the endoplasm!
You feel yourself speed up.
You hit the endoplasm. The endoplasm hits you.
* * * LOW HITPOINT WARNING * * *
You take 2 damage, and have 2/16 hp.
You barely miss the endoplasm. The endoplasm barely misses you.
MP restored: 3 You hit the endoplasm.
You claw the endoplasm, but do no damage.
The endoplasm freezes you.
You are frozen.
You die...

.........##
#.........
###........
........#
#####......#
...........#
#......###
######.....# ..
#...@Jg..#.# ...
#.####..##.#....
.......#..#.#...
................
##.###.#...(#...
# #.....######
#...........
.###.......###.
.............#.


You could see an endoplasm and a goblin.

Vanquished Creatures
  An endoplasm (D:1)
  A giant cockroach (D:1)
  A goblin (D:1)
3 creatures vanquished.

Notes
Turn   | Place    | Note
-------+----------+-------------------------------------------
     0 | D:1      | OTABOTABOTAB the Draconian Transmuter began the quest for
                  | the Orb.
     0 | D:1      | Reached XP level 1. HP: 16/16 MP: 3/3
    93 | D:1      | HP: 3/16 [endoplasm (2)]
    98 | D:1      | Frozen to death by an endoplasm

Illustrated notes

Levels and vault maps discovered:
D:1:      heliophobic_arrival_glass_houses, layout_basic

Action                   || total
-------------------------++-------
Melee: Unarmed           ||     8
       Kick              ||     4
       Headbutt          ||     1
 Cast: Beastly Appendage ||     3
 Abil: End Transformatio ||     2
Armor: Skin              ||     2
Dodge: Dodged            ||     5

Table legend: (Time is in decaauts)
 A = Elapsed time spent in this place.
 B = Non-inter-level travel time spent in this place.
 C = Inter-level travel time spent in this place.
 D = Time resting spent in this place.
 E = Time spent auto-exploring this place.
 F = Levels seen in this place.
 G = Mean time per level.
                   A        B        C        D        E       F      G
               +--------+--------+--------+--------+--------+-----+--------+
         Total |     99 |     99 |      0 |      0 |     69 |   1 |   99.0 |
       Dungeon |     99 |     99 |      0 |      0 |     69 |   1 |   99.0 |
               +--------+--------+--------+--------+--------+-----+--------+

Top non-repeatable levels by time:
     D:1: 99 daAuts

Table legend:
 A = Kills in this place as a percentage of kills in entire the game.
 B = Kills by you in this place as a percentage of kills by you in the entire game.
 C = Kills by friends in this place as a percentage of kills by friends in the entire game.
 D = Other kills in this place as a percentage of other kills in the entire game.
 E = Experience gained in this place as a percentage of experience gained in the entire game.
 F = Experience gained in this place divided by the number of levels of this place that you have seen.
                   A       B       C       D       E      F
               +-------+-------+-------+-------+-------+----------------------
         Total | 100.0 | 100.0 |   N/A |   N/A | 100.0 |   6.0
       Dungeon | 100.0 | 100.0 |   N/A |   N/A | 100.0 |   6.0
               +-------+-------+-------+-------+-------+----------------------
